 Dungeon Crawl Stone Soup version 0.29.1-15-g9cfb28693d (webtiles) character file.

Game seed: 8518939923786202781

29 Heoruswealwe the Magician (level 3, 17/17 HPs)
             Began as a Deep Elf Earth Elementalist on Apr 12, 2023.
             Was a Follower of Hepliaklqana.
             Got out of the dungeon alive.
             The game lasted 00:07:15 (914 turns).

Heoruswealwe the Magician (DEEE)                     Turns: 914, Time: 00:07:16

Health: 17/17      AC:  2    Str:  5    XL:     3   Next: 1%
Magic:  10/10      EV: 12    Int: 21    God:    Hepliaklqana [*.....]
Gold:   72         SH:  0    Dex: 15    Spells: 4/10 levels left

rFire   . . .      SeeInvis .   (no weapon)
rCold   . . .      Faith    .   (no shield)
rNeg    . . .      Spirit   .   a - +0 robe
rPois   .          Reflect  .   (no helmet)
rElec   .          Harm     .   (no cloak)
rCorr   .          Rampage  .   (no gloves)
Will    .....                   (no boots)
Stlth   ++........              (no amulet)
HPRegen 0.05/turn               (no ring)
MPRegen 0.12/turn               (no ring)

@: no status effects
A: reduced essence
a: Renounce Religion, Recall Ancestor, Ancestor Identity


You escaped.
You worshipped Hepliaklqana.
Hepliaklqana was aware of your devotion.
You visited 1 branch of the dungeon, and saw 1 of its levels.

You collected 72 gold pieces.

Inventory:

Armour
 a - a +0 robe (worn)
Scrolls
 c - a scroll of silence {unknown}
 d - a scroll of teleportation {unknown}
 e - a scroll of fog {unknown}
 g - a scroll of vulnerability {unknown}
 h - 2 scrolls of identify {unknown}
Potions
 b - a potion of magic
 f - a potion of brilliance {unknown}
 i - a potion of lignification {unknown}
 j - a potion of attraction {unknown}


   Skills:
 - Level 2.4 Dodging
 - Level 2.4 Stealth
 + Level 4.0 Spellcasting
 - Level 1.1 Transmutations
 + Level 4.0 Earth Magic


You had 4 spell levels left.
You knew the following spells:

 Your Spells              Type           Power      Damage    Failure   Level
a - Sandblast             Erth           42%        2d11      2%          1
b - Stone Arrow           Conj/Erth      24%        3d8       16%         3
z - Passwall              Tmut/Erth      12%        N/A       6%          2

Your spell library contained the following spells:

 Spells                   Type           Power      Damage    Failure   Level
 Petrify                  Tmut/Erth      15%        N/A       38%         4


Dungeon Overview and Level Annotations

Branches:
Dungeon (1/15)

Altars:
Hepliaklqana


Message History

Aiming: Passwall (safe; 6% risk of failure)
Press: ? - help, Dir - move target A rock wall.
You begin to meditate on the wall.
You continue meditating on the rock. x2
You finish merging with the rock.
This spell is extremely dangerous to cast!
Memorise Stone Arrow, consuming 3 spell levels and leaving 4?
You start memorising the spell.
You continue memorising. x3
You finish memorising.
Spell assigned to 'b'.
There is a staircase leading out of the dungeon here.
Casting: Passwall (safe; 6% risk of failure)
Confirm with . or Enter, or press ? or * to list all spells.
Aiming: Passwall (safe; 6% risk of failure)
Press: ? - help, Dir - move target A rock wall.
You begin to meditate on the wall.
You continue meditating on the rock. x2
You finish merging with the rock.
There is an open door here.
There is an empty arch of ancient stone here.
There is an open door here.
There is an open door here.
Done exploring.
Done exploring.
There is an open door here.
There is an open door here.
There is an empty arch of ancient stone here.
There is a faded altar of an unknown god here.
You cannot tell which god this altar belongs to.
Convert to them anyway?
Hepliaklqana accepts your prayer! Hepliaklqana welcomes you!
Hepliaklqana forms a fragment of your life essence into the memory of your ancestor, Septima!
You can now recall your ancestor.
You can now remember your ancestor's identity.
You swap places.
There is an open door here.
There is an open door here.
There is an escape hatch in the floor here.
There is a staircase leading out of the dungeon here.
Are you sure you want to leave the Dungeon?
This will make you lose the game!
You have escaped!

.♣♣ #......#...# #.# ##....
♣.♣♣♣###......#.#.# #.# #.#..
♣...♣♣........#...# #.# #.#.#
♣♣♣♣.....######.#.# #.# #.#.#
###......# #...# #.# #.#.#
..'......######.>.######.# #.#..
###......#.............#.####'#..
.........#......R......#.........
########.#......@......#........#
.........#.............#........#
.#.......#.............#........#
.#.######################.......#
##.# #...........#.# #.#
#.##....#...#.# #.#
#.#..~......#.# #.#
#.#..~......#.# #.#
#.#..~......#.#


You could see the friendly Septima the ancestor.

Vanquished Creatures
  2 dart slugs (D:1)
  3 endoplasms (D:1)
  4 hobgoblins (D:1)
  A quokka (D:1)
  4 ball pythons (D:1)
  A bat (D:1)
  2 goblins (D:1)
  5 kobolds (D:1)
  2 rats (D:1)
24 creatures vanquished.

Notes
Turn   | Place    | Note
-------+----------+-------------------------------------------
     0 | D:1      | Heoruswealwe the Deep Elf Earth Elementalist began the
                  | quest for the Orb.
     0 | D:1      | Reached XP level 1. HP: 10/10 MP: 6/6
   149 | D:1      | Reached XP level 2. HP: 6/15 MP: 3/8
   152 | D:1      | Learned a level 2 spell: Passwall
   443 | D:1      | Found a faded altar of an unknown god.
   634 | D:1      | Reached XP level 3. HP: 19/19 MP: 8/10
   699 | D:1      | Learned a level 3 spell: Stone Arrow
   869 | D:1      | Prayed at the altar of an unknown god.
   869 | D:1      | Became a worshipper of Hepliaklqana the Forgotten
   869 | D:1      | Reached * piety under Hepliaklqana
   914 | D:$      | Got out of the dungeon alive.

Illustrated notes

Levels and vault maps discovered:
D:1:      lemuel_arrival_hallway, layout_basic,
          shapermc_ecumenical_altar_totnotflames, chequers_serial_rivers_micro_c

Skill      XL: |  1  2 |
---------------+-------+-----
Spellcasting   | 4 |  4.0
Earth Magic    | 4 |  4.0
Dodging        | |  2.4
Stealth        | |  2.4
Transmutations | |  1.1

Action                   || total
-------------------------++-------
 Cast: Sandblast         ||    29
       Passwall          ||     2
Dodge: Dodged            ||     3
